 Dungeon Crawl Stone Soup version 0.27-a0-1202-ge72e49191c (webtiles) character file.

Game seed: 16830401657943614985

618 funkygono the Gusty (level 7, -3/52 HPs)
             Began as a White Draconian Air Elementalist on June 2, 2021.
             Slain by a scorpion (4 damage)
             ... in an ossuary.
             The game lasted 00:10:01 (5336 turns).

funkygono the Gusty (DrAE)                          Turns: 5336, Time: 00:10:02

Health: -3/52      AC:  6    Str: 11    XL:     7   Next: 21%
Magic:  1/13       EV: 12    Int: 17    God:
Gold:   156        SH:  0    Dex: 11    Spells: 8/14 levels left

rFire    . . .     SeeInvis .   c - +0 whip
rCold    + + .     Faith    .   (no shield)
rNeg     . . .     Spirit   .   (armour unavailable)
rPois    .         Reflect  .   (helmet restricted)
rElec    .         Harm     .   (no cloak)
rCorr    .         Rampage  .   (no gloves)
Will     .....                  (no boots)
Stlth    ++........             (no amulet)
HPRegen  0.17/turn              (no ring)
MPRegen  0.13/turn              (no ring)

@: lethally poisoned (-3 -> -11)
A: breathe frost, AC +6, unfitting armour, cold resistance 2, cold-blooded,
talons 1, MP-powered wands
a: Breathe Frost


You were in an ossuary.
You visited 1 branch of the dungeon, and saw 4 of its levels.
You also visited: Ossuary.

You collected 156 gold pieces.

Inventory:

Hand Weapons
 c - a +0 whip (weapon)
 d - a +0 flail
Missiles
 g - 2 curare-tipped darts
Jewellery
 h - an amulet of guardian spirit
 i - a +6 ring of strength
Scrolls
 a - 4 scrolls of identify
 b - a scroll of fog
Potions
 f - a potion of lignification {unknown}


   Skills:
 + Level 1.5 Fighting
 + Level 0.5 Maces & Flails
 + Level 2.6 Dodging
 - Level 1.7 Stealth
 + Level 4.3 Spellcasting
 + Level 3.8 Conjurations
 + Level 5.2 Air Magic


You had 8 spell levels left.
You knew the following spells:

 Your Spells              Type           Power      Damage    Failure   Level
a - Shock                 Conj/Air       76%        1d7       2%          1
b - Static Discharge      Conj/Air       19%        N/A       3%          2
c - Swiftness             Air            21%        N/A       5%          3

Your spell library contained the following spells:

 Spells                   Type           Power      Damage    Failure   Level
 Animate Skeleton         Necr           6%         N/A       16%         1
 Pain                     Necr           12%        1d4       16%         1
 Airstrike                Air            10%        N/A       19%         4
 Vampiric Draining        Necr           1%         2d6       43%         3
 Lightning Bolt           Conj/Air       9%         1d22      54%         5
 Animate Dead             Necr           1%         N/A       83%         4
 Agony                    Necr           3%         N/A       99%         5


Dungeon Overview and Level Annotations

Branches:
Dungeon (5/15)            Ossuary (1/1)
 Temple: D:4-7

Altars:
Okawaru


Innate Abilities, Weirdness & Mutations

You can breathe waves of freezing cold which knock back foes.
Your icy white scales are hard. (AC +6)
You cannot fit into any form of body armour.
Your flesh is very cold resistant. (rC++)
You are cold-blooded and may be slowed by cold attacks.
You have sharp toenails.
You expend magic power (3 MP) to strengthen your wands.


Message History

You feel very sick. The scorpion stings you. x2
You are more poisoned.
The scorpion poisons you!
Casting: Static Discharge (safe; 3% risk of failure)
Confirm with . or Enter, or press ? or * to list all spells.
Aiming: Shock (safe; 2% risk of failure)
Press: ? - help, Shift-Dir - straight line, f/p - scorpion
Aim: a scorpion (heavily wounded, 71% to hit)
That beam is likely to hit you.
Continue anyway? [Y]es or [N]o only, please.
That beam is likely to hit you.
Continue anyway? [Y]es or [N]o only, please.
That beam is likely to hit you.
Continue anyway?
Okay, then.
You feel very sick.
There is an open door here.
Casting: Shock (safe; 2% risk of failure)
Confirm with . or Enter, or press ? or * to list all spells.
Aiming: Shock (safe; 2% risk of failure)
Press: ? - help, Shift-Dir - straight line, f/p - scorpion
Aim: a scorpion (heavily wounded, 71% to hit)
The zap hits the scorpion but does no damage.
The scorpion is heavily wounded.
The zap misses the scorpion.
* * * LOW HITPOINT WARNING * * *
You feel very sick. The scorpion stings you!
* * * LOW HITPOINT WARNING * * *
You hit the scorpion.
The scorpion is severely wounded.
* * * LOW HITPOINT WARNING * * *
You feel very sick.
The scorpion stings you but does no damage.
It was a potion of mutation.
You feel extremely strange.
You feel your magical essence link to the dungeon's wands.
Your toenails lengthen and sharpen.
You feel more resistant to cold.
* * * LOW HITPOINT WARNING * * *
You feel sick. The scorpion stings you.
You die...

#####################
#...#...#...#^^^#?!?#.
#.∩.#...8...'^^^#Z.?'.
#...#.......#^^^#M!Z#
##'###8...8###@######
#...#.......#.s.#...#
#.∩.'...8...#...8...#
#...#...#...#.......#
##############8...8##
# .#..?#^^^#.......#
#...'?.Z#^^^'...8...#
#.. #??.#^^^#...#...#
##'#######'##########


You could see a mummy, a scorpion, a kobold zombie and a centaur zombie.

Vanquished Creatures
  A centaur (D:5)
  3 scorpions (Ossuary)
  2 human zombies (Ossuary)
  An orc priest (D:3)
  A centaur skeleton (D:5)
  A scorpion zombie (Ossuary)
  A mummy (Ossuary)
  4 gnolls (D:2)
  8 adders
  A worm (D:2)
  5 dart slugs
  6 orcs
  6 ball pythons
  4 endoplasms
  4 giant cockroaches
  6 goblins
  5 hobgoblins
  7 jackals (D:3)
  4 quokkas
  3 bats (D:1)
  3 frilled lizards
  2 hobgoblin zombies (Ossuary)
  9 kobolds
  A kobold zombie (Ossuary)
  2 orc zombies (Ossuary)
  4 rats
94 creatures vanquished.

Notes
Turn   | Place    | Note
-------+----------+-------------------------------------------
     0 | D:1      | funkygono the Draconian Air Elementalist began the quest
                  | for the Orb.
     0 | D:1      | Reached XP level 1. HP: 14/14 MP: 3/3
   352 | D:1      | Found a faded altar of an unknown god.
   493 | D:1      | Reached XP level 2. HP: 22/22 MP: 1/5
   548 | D:1      | Learned a level 2 spell: Static Discharge
  1683 | D:2      | Reached XP level 3. HP: 27/27 MP: 2/6
  2104 | D:2      | Learned a level 3 spell: Swiftness
  2187 | D:2      | Reached skill level 4 in Air Magic
  2507 | D:2      | Reached XP level 4. HP: 34/34 MP: 1/7
  3265 | D:3      | Reached XP level 5. HP: 39/39 MP: 5/9
  3656 | D:3      | Found an iron altar of Okawaru.
  4342 | D:3      | Reached skill level 1 in Fighting
  4524 | D:3      | You fall into a shaft and drop 2 floors!
  4524 | D:5      | Entered Level 5 of the Dungeon
  4544 | D:5      | Noticed a centaur
  4553 | D:5      | Killed a centaur
  4554 | D:5      | Reached XP level 6. HP: 7/47 MP: 2/11
  4557 | D:5      | HP: 2/47 [/static electricity (2)]
  4863 | D:5      | Found a sand-covered staircase.
  4881 | Ossuary  | Entered an ossuary
  4941 | Ossuary  | Reached skill level 5 in Air Magic
  5162 | Ossuary  | Your scales start taking on an icy white colour.
  5162 | Ossuary  | Reached XP level 7. HP: 47/52 MP: 2/13
  5162 | Ossuary  | Gained mutation: Your flesh is cold resistant. (rC+) [White
                  | Draconian growth]
  5336 | Ossuary  | Gained mutation: You expend magic power (3 MP) to
                  | strengthen your wands. [potion of mutation]
  5336 | Ossuary  | Gained mutation: You have sharp toenails. [potion of
                  | mutation]
  5336 | Ossuary  | Gained mutation: Your flesh is very cold resistant. (rC++)
                  | [potion of mutation]
  5336 | Ossuary  | HP: 1/52 [poisoned by a scorpion]
  5336 | Ossuary  | Slain by a scorpion

Illustrated notes

Levels and vault maps discovered:
D:1:      psy_arrival_conway, layout_basic, hellmonk_ecumenical_altar_blasted
D:2:      layout_basic, grunt_ministairs_5
D:3:      layout_basic, okawaru_altar_gauntlet_db,
          chequers_serial_rivers_small_b
D:5:      layout_basic, nicolae_ossuary_entry_ruins, serial_shops, shop
Ossuary:  ossuary_minmay_scorpions

Skill      XL: |  1  2  3  4  5  6 |
---------------+-------------------+-----
Dodging        | 2 |  2.6
Air Magic      | 4 5 |  5.2
Conjurations   | 2 3 |  3.8
Spellcasting   | 3 4 |  4.3
Fighting       | 1 |  1.5
Maces & Flails | |  0.5
Stealth        | |  1.7

Action                   |  1- 3 |  4- 6 |  7- 9 || total
-------------------------+-------+-------+-------++-------
Melee: Unarmed           |     3 |       |       ||     3
       Club              |     4 |    11 |       ||    15
       Tailslap          |     1 |     2 |     2 ||     5
       Whip              |       |    30 |    20 ||    50
 Cast: Shock             |    91 |   111 |    20 ||   222
       Static Discharge  |     2 |    19 |     2 ||    23
 Abil: Breathe Frost     |       |       |     1 ||     1
  Use: Scroll            |     2 |       |       ||     2
       Potion            |       |       |     1 ||     1
Armor: Skin              |     9 |    33 |     9 ||    51
Dodge: Dodged            |    26 |    65 |    10 ||   101

Table legend: (Time is in decaauts)
 A = Elapsed time spent in this place.
 B = Non-inter-level travel time spent in this place.
 C = Inter-level travel time spent in this place.
 D = Time resting spent in this place.
 E = Time spent auto-exploring this place.
 F = Levels seen in this place.
 G = Mean time per level.
                   A        B        C        D        E       F      G
               +--------+--------+--------+--------+--------+-----+--------+
         Total |   5356 |   5284 |     72 |      0 |   4548 |   5 | 1071.2 |
       Dungeon |   4898 |   4826 |     72 |      0 |   4220 |   4 | 1224.5 |
       Ossuary |    457 |    457 |      0 |      0 |    328 |   1 |  457.0 |
               +--------+--------+--------+--------+--------+-----+--------+

Top non-repeatable levels by time:
     D:1: 1685 daAuts
     D:2: 1585 daAuts
     D:3: 1270 daAuts
 Ossuary: 457 daAuts
     D:5: 357 daAuts
